 Dungeon Crawl Stone Soup version 0.19.0-2-gae57169 (webtiles) character file.

3808 Helmschank the Transmogrifier (level 9, 0/72 HPs)
             Began as a White Draconian Transmuter on Nov 6, 2016.
             Was a Believer of Uskayaw.
             Slain by an orc warrior
             ... wielding a +0 mace
              (15 damage)
             ... on level 8 of the Dungeon.
             The game lasted 00:56:13 (11075 turns).

Helmschank the Transmogrifier (DrTm)               Turns: 11075, Time: 00:56:15

Health: 0/72       AC:  2    Str: 12    XL:     9   Next: 96%
Magic:  8/12       EV: 24    Int: 15    God:    Uskayaw [**....]
Gold:   421        SH:  0    Dex: 19    Spells: 4 memorised, 2 levels left

rFire  . . .     SeeInvis +       - Unarmed
rCold  . . .     Gourm    .     (armour unavailable)
rNeg   . . .     Faith    .     (shield currently unavailable)
rPois  x         Spirit   .     (helmet currently unavailable)
rElec  .         Reflect  .     (cloak currently unavailable)
rCorr  .         Harm     .     (gloves currently unavailable)
MR     +....                    (boots currently unavailable)
Stlth  ++........               (no amulet)
                                J - ring of protection from magic
                                z - ring of see invisible

@: spider-form
A: (breathe frost), unfitting armour, (cold resistance 0), (cold-blooded), AC +7
a: End Transformation, Stomp, Line Pass, Renounce Religion


You were on level 8 of the Dungeon.
You worshipped Uskayaw.
Uskayaw was noncommittal.
You were hungry.
You were a venomous arachnid creature.
You visited 2 branches of the dungeon, and saw 10 of its levels.
You also visited: Ossuary.

You collected 421 gold pieces.

Inventory:

Missiles
 a - 93 arrows
 B - 53 poisoned needles
 R - 4 tomahawks (quivered)
 U - 289 stones
Armour
 H - a +0 pair of boots (melded)
 I - a +2 cloak (melded)
Rods
 r - a +2 iron rod (11/11)
   (You found it on level 3 of the Dungeon)
Jewellery
 w - an uncursed ring of stealth
 z - a ring of see invisible (left front leg)
 J - a ring of protection from magic (right front leg)
Wands
 F - a wand of lightning (2/15)
Scrolls
 g - 3 scrolls of remove curse
 i - 2 scrolls of amnesia
 j - 3 scrolls of identify
 l - 3 scrolls of enchant weapon
 m - a scroll of recharging
 p - a scroll of immolation
 t - a scroll of blinking
 y - a scroll of fear {unknown}
 G - a scroll of teleportation
Potions
 e - 2 potions of flight
 h - 2 potions of heal wounds {unknown}
 k - a potion of invisibility {unknown}
 n - 2 potions of might
 o - a potion of cancellation {unknown}
 q - 6 potions of curing
 s - a potion of brilliance {unknown}
 u - 2 potions of ambrosia
 v - 2 potions of degeneration {unknown}
 A - 2 potions of lignification
 C - a potion of cure mutation {unknown}
 D - 3 potions of haste
Books
 b - a book of Changes

   Spells                             Type                      Level
   a - Beastly Appendage              Transmutation                1
   b - Sticks to Snakes               Transmutation                2
   c - Spider Form                    Transmutation/Poison         3
   d - Ice Form                       Ice/Transmutation            4
   e - Blade Hands                    Transmutation                5
Comestibles
 c - 11 bread rations
 d - 4 fruits
 f - 5 meat rations
 x - a chunk of flesh
 E - 6 beef jerkies


   Skills:
 - Level 4.7 Fighting
 + Level 5.3 Dodging
 - Level 8.0 Unarmed Combat
 - Level 2.0 Spellcasting
 - Level 8.2 Transmutations
 - Level 3.6 Ice Magic
 - Level 3.0 Poison Magic
 - Level 4.2 Invocations


You had 2 spell levels left.
You knew the following spells:

 Your Spells              Type           Power        Failure   Level  Hunger
a - Spider Form           Tmut/Pois      ###.......   24%         3    ###....
b - Ice Form              Ice/Tmut       ###.....     45%         4    #####..
q - Sticks to Snakes      Tmut           ####....     6%          2    ###....
z - Beastly Appendage     Tmut           ####..       4%          1    #......


Dungeon Overview and Level Annotations

Branches:
Dungeon (9/15)             Temple (1/1) D:4             Orc (0/2) D:9
   Lair: D:8-11

Altars:
Ashenzari
Cheibriados
Dithmenos
Elyvilon
Fedhas
Gozag
Hepliaklqana
Kikubaaqudgha
Makhleb
Nemelex Xobeh
Okawaru
Qazlal
Ru
Sif Muna
Trog
Uskayaw
Vehumet
Xom
Yredelemnul
Zin
The Shining One
Beogh
Jiyva

Annotations:
D:8 exclusion: 2 oklob plants


Innate Abilities, Weirdness & Mutations

((You can breathe waves of freezing cold.))
((You can buffet flying creatures when you breathe cold.))
((Your icy white scales are hard. (AC +7)))
You cannot fit into any form of body armour.
((Your flesh is cold resistant. (rC+)))
((You are cold-blooded and may be slowed by cold attacks.))


Message History

The orc wizard blinks!
You bite the orc!
You kill the orc!
The orc warrior hits you with a mace!
You can now pass through a line of other dancers.
You hit the orc warrior.
The orc warrior is almost dead.
The orc wizard mumbles some strange words.
You barely miss the orc warrior.
The orc warrior is almost dead.
The orc warrior hits you with a mace!
The orc wizard mumbles some strange words.
The orc wizard blinks!
You completely miss the orc warrior.
The orc warrior is almost dead.
The orc wizard points at you and mumbles some strange words.
The magic dart hits you!
* * * LOW HITPOINT WARNING * * *
The orc warrior hits you with a mace!
You die...

######### #.......# ##########
#.>.....# .........#
#.......############## ########.#
#.÷...................
########.###.......##############
...............os..#
.#######.###.[...).###### .#
#.....####.......# # .# #####.#
#.#####.## # .# #.# #§# #..## #
.# ######.####.# #...# #
.######.........#o# ###'## #
........####.##†#.# #..# #
......>.# #.##.#.# #..######


You could see an orc warrior and an orc wizard.

Vanquished Creatures
  The ghost of xnavy the Cudgeler, an amateur GrMo (D:4)
  5 orc warriors
  A sky beast (D:7)
  An ice beast (D:7)
  A hornet zombie (D:9)
  4 ogres
  2 black bears
  A phantom (D:7)
  2 centaurs
  A big kobold (D:9)
  3 bullfrogs
  3 scorpions
  2 water moccasin skeletons
  7 jellies
  3 killer bees (D:9)
  A howler monkey (D:8)
  4 crimson imps
  3 hounds
  A quasit (D:8)
  4 human zombies (Ossuary)
  6 orc priests
  A centaur skeleton (D:5)
  2 iguanas (D:4)
  5 orc wizards
  2 worker ants
  A big kobold zombie (Ossuary)
  2 hound zombies
  2 mummies (Ossuary)
  3 gnolls (D:5)
  13 adders
  A shadow imp (D:6)
  An ooze (D:1)
  An adder zombie (Ossuary)
  3 worms
  2 dart slugs
  2 leopard geckos
  26 orcs
  21 giant cockroaches
  10 goblins
  6 hobgoblins
  10 jackals
  5 bats
  2 frilled lizards (D:1)
  4 hobgoblin zombies (Ossuary)
  A jackal skeleton (D:5)
  5 jackal zombies
  4 kobolds
  9 kobold zombies (Ossuary)
  A leopard gecko skeleton (D:4)
  12 orc zombies (Ossuary)
  5 rats
  2 rat zombies (Ossuary)
220 creatures vanquished.

Notes
Turn   | Place    | Note
-------+----------+-------------------------------------------
     0 | D:1      | Helmschank the Draconian Transmuter began the quest for the Orb.
     0 | D:1      | Reached XP level 1. HP: 16/16 MP: 3/3
     2 | D:1      | Noticed a minotaur zombie
    69 | D:1      | Reached XP level 2. HP: 7/23 MP: 3/5
   779 | D:1      | Reached XP level 3. HP: 28/28 MP: 4/6
  1156 | D:2      | Reached XP level 4. HP: 20/37 MP: 7/7
  2274 | D:3      | Learned a level 2 spell: Sticks to Snakes
  2278 | D:3      | Learned a level 3 spell: Spider Form
  2402 | D:3      | Reached XP level 5. HP: 26/47 MP: 6/8
  3461 | D:4      | Reached XP level 6. HP: 53/53 MP: 9/9
  3842 | D:4      | Noticed xnavy's ghost (amateur GrMo)
  4346 | D:4      | Found a staircase to the Ecumenical Temple.
  4757 | D:4      | Reached skill level 1 in Poison Magic
  4836 | D:4      | Reached skill level 5 in Transmutations
  4836 | D:4      | Your scales start taking on an icy white colour.
  4836 | D:4      | Reached XP level 7. HP: 36/60 MP: 8/10
  4836 | D:4      | Gained mutation: Your flesh is cold resistant. (rC+) [White Draconian growth]
  4974 | D:4      | Killed xnavy's ghost
  5014 | Temple   | Entered the Ecumenical Temple
  5132 | Temple   | Became a worshipper of Uskayaw the Reveler
  5296 | D:5      | Entered Level 5 of the Dungeon
  5303 | D:5      | Learned a level 4 spell: Ice Form
  5382 | D:5      | Reached * piety under Uskayaw
  5408 | D:5      | Reached ** piety under Uskayaw
  5626 | D:5      | Found a sand-covered staircase.
  5635 | Ossuary  | Entered an ossuary
  6107 | Ossuary  | Reached skill level 5 in Unarmed Combat
  6708 | D:5      | Reached *** piety under Uskayaw
  6711 | D:5      | Reached **** piety under Uskayaw
  6712 | D:5      | Reached XP level 8. HP: 32/67 MP: 8/11
  6721 | D:5      | Reached ***** piety under Uskayaw
  8127 | D:7      | Reached XP level 9. HP: 50/72 MP: 12/12
  8310 | D:7      | Reached skill level 1 in Ice Magic
  8928 | D:8      | Found a viscous altar of Jiyva.
 10235 | D:8      | Found a blossoming altar of Fedhas.
 10237 | D:8      | Noticed an oklob plant
 10237 | D:8      | Noticed an oklob plant
 10595 | D:9      | Found a staircase to the Orcish Mines.
 10608 | D:9      | Found a roughly hewn altar of Beogh.
 10779 | D:9      | Reached skill level 5 in Dodging
 11075 | D:8      | Slain by an orc warrior

Skill      XL: |  1  2  3  4  5  6  7  8  9 |
---------------+----------------------------+-----
Dodging        | 2 4 5 |  5.3
Unarmed Combat | 4 6 8 |  8.0
Fighting       | 2 4 |  4.7
Transmutations | 3 5 7 8 |  8.2
Poison Magic   | 2 3 |  3.0
Ice Magic      | 3 |  3.6
Invocations    | 4 |  4.2
Spellcasting   | |  2.0

Action                   |  1- 3 |  4- 6 |  7- 9 || total
-------------------------+-------+-------+-------++-------
Melee: Unarmed           |   111 |   228 |   619 ||   958
       Tailslap          |    12 |    25 |    45 ||    82
       Headbutt          |     5 |    19 |    45 ||    69
       Punch             |     2 |     2 |    14 ||    18
       Kick              |    10 |    14 |    40 ||    64
Throw: Tomahawk          |     3 |    11 |    20 ||    34
       Stone             |     1 |       |     9 ||    10
 Cast: Beastly Appendage |    14 |    30 |    47 ||    91
       Spider Form       |       |     1 |    23 ||    24
       Ice Form          |       |       |     1 ||     1
Invok: Line Pass         |       |       |     3 ||     3
       Stomp             |       |       |     4 ||     4
 Abil: Breathe Frost     |       |       |     5 ||     5
Evoke: Rod               |       |       |     1 ||     1
  Use: Scroll            |       |    14 |     5 ||    19
       Potion            |       |     1 |     3 ||     4
 Stab: Sleeping          |     1 |       |       ||     1
       Paralysed         |       |       |     8 ||     8
  Eat: Chunk             |     1 |    11 |    21 ||    33
       Pizza             |       |     1 |       ||     1
       Fruit             |       |     1 |     1 ||     2
       Meat ration       |       |       |     1 ||     1
Armor: Skin              |    28 |    67 |   128 ||   223
Dodge: Dodged            |    60 |   125 |   478 ||   663
